 Dungeon Crawl Stone Soup version 0.14.0-25-g43f8a4e (webtiles) character file.

404558 MDvedh the Conqueror (level 22, -1/169 HPs)
             Began as a Gargoyle Artificer on Apr 25, 2014.
             Was a High Priest of Okawaru.
             Slain by a titan (26 damage)
             ... on Level 4 of the Vaults.
             The game lasted 02:17:37 (57071 turns).

MDvedh the Conqueror (Gargoyle Artificer)          Turns: 57071, Time: 02:17:37

HP  -1/169       AC 55     Str 21      XL: 22   Next: 97%
MP  25/30        EV  9     Int 13      God: Okawaru [*****.]
Gold 2674        SH  0     Dex 10      Spells:  0 memorised, 21 levels left

rFire  + + .     SeeInvis .     O - +4 dire flail (freeze)
rCold  . . .     Clarity  .     x - +8 chain mail "Groaphiu" {Int-2 Acc+5}
rNeg   + . .     Conserve +     (no shield)
rPois  +         rCorr    +     t - +0 helmet of Defence {rElec rF+ rC+ Int+1}
rElec  +         rRot     +     G - +1 cloak {rCorr, Cons}
SustAb . .       Spirit   .     z - +1 pair of gloves of the Lair of Beasts {MR+}
rMut   +         Warding  .     y - +2 pair of boots {run}
Saprov . . .     Stasis   .     h - amulet of resist mutation
MR     ++...                    D - ring "Podiun" {Fire Str-3 Dam+5}
                                m - ring of regeneration

@: about to teleport, heroism, finesse, quick, very resistant to hostile
enchantments, extremely unstealthy
A: able to fly continuously, large and strong wings, life protection 1,
electricity resistance, spit poison 1, unbreathing, petrification resistance, AC
+16
a: Spit Poison, Fly, Heroism, Finesse, Renounce Religion
}: 3/15 runes: decaying, silver, gossamer


You were on level 4 of the Vaults.
You worshipped Okawaru.
Okawaru was extremely pleased with you.
You were hungry.

You visited 8 branches of the dungeon, and saw 44 of its levels.
You visited the Abyss 1 time.
You visited 1 bazaar.

You collected 4785 gold pieces.
You spent 2111 gold pieces at shops.

Inventory:

Hand weapons
 q - a +2,+5 eveningstar of pain
 O - a +4,+4 dire flail of freezing (weapon)
Armour
 t - the +0 helmet of Defence (worn) {rElec rF+ rC+ Int+1}
   (Okawaru gifted it to you on level 12 of the Dungeon)

   It affects your intelligence (+1).
   It protects you from fire.
   It protects you from cold.
   It insulates you from electricity.
 x - the +8 chain mail "Groaphiu" (worn) {Int-2 Acc+5}
   (Okawaru gifted it to you on level 4 of the Vaults)

   It affects your intelligence (-2).
   It affects your accuracy with ranged weapons and melee attacks (+5).
 y - a +2 pair of boots of running (worn)
 z - the +1 pair of gloves of the Lair of Beasts (worn) {MR+}
   (You bought it in a shop on level 4 of the Orcish Mines)

   It affects your resistance to hostile enchantments.
 G - a +1 cloak of preservation (worn)
 K - a storm dragon hide
Magical devices
 n - a wand of teleportation (6)
 Z - a wand of heal wounds (0)
Comestibles
 f - 20 bread rations
Scrolls
 b - a scroll of enchant armour
 d - 3 scrolls of amnesia
 e - 2 scrolls of fear
 j - a scroll of summoning
 l - 2 scrolls of enchant weapon II
 p - 6 scrolls of teleportation
 s - 7 scrolls of fog
 u - 2 scrolls of enchant weapon I
 E - a scroll of brand weapon
 F - 8 scrolls of identify
 H - 10 scrolls of remove curse
 L - 3 scrolls of magic mapping
Jewellery
 h - an amulet of resist mutation (around neck)
 i - an uncursed ring of protection from fire
 k - a +4 ring of dexterity
 m - a ring of regeneration (left hand)
 r - the ring "Woufriq" {MR+ Str+3, unknown}
   (You took it off a yaktaur captain on level 5 of the Vaults)

   [ring of protection from magic]

   It affects your strength (+3).
 B - an uncursed ring of see invisible {unknown}
 C - an uncursed ring of positive energy
 D - the ring "Podiun" (right hand) {Fire Str-3 Dam+5}
   (You found it on level 3 of the Swamp)

   [ring of fire]

   It affects your strength (-3).
   It affects your damage with ranged weapons and melee attacks (+5).
 I - an uncursed ring of teleport control
 N - a cursed -3 ring of evasion
Potions
 a - a potion of curing
 c - 2 potions of resistance
 g - a potion of magic
 o - 2 potions of brilliance
 v - a potion of flight
 w - a potion of restore abilities
 M - 2 potions of porridge
 P - 3 potions of agility
Rods
 A - a +3 rod of destruction (10/10)
   (You found it on level 5 of the Vaults)


   Skills:
 O Level 27 Fighting
   Level 0.8(5.8) Short Blades
 - Level 14.3(19.3) Maces & Flails
 + Level 24.9(27) Armour
 - Level 1.5(6.5) Dodging
 - Level 1.1(6.1) Stealth
 - Level 7.0 Invocations
 - Level 2.6 Evocations


You had 21 spell levels left.
You didn't know any spells.

Dungeon Overview and Level Annotations

Branches:
Dungeon (15/15)            Temple (1/1) D:6             Orc (4/4) D:12
    Elf (0/3) Orc:4          Lair (8/8) D:9           Swamp (5/5) Lair:3
 Spider (5/5) Lair:4        Slime (0/6) Lair:7       Vaults (5/5) D:13
  Blade (1/1) Vaults:4      Crypt (0/5) Vaults:2
 Depths: D:15

Altars:
Ashenzari
Cheibriados
Fedhas
Kikubaaqudgha
Makhleb
Okawaru
Vehumet
Yredelemnul
Zin
Beogh
Jiyva

Shops:
D:3 *   D:13 [   Orc:4 (*[=   Vaults:2 *   Vaults:3 *

Portals:
Trove: D:13 (give +4 storm dragon armour)

Annotations:
Lair:4 exclusion: oklob plant


Innate Abilities, Weirdness & Mutations

You are resistant to torment.
You are immune to poison.
You are immune to rotting.
You can fly continuously.
Your stone body is very resilient (AC +16).
Your wings are large and strong.
You resist negative energy.
You are resistant to electric shocks.
You can survive without breathing.
You are immune to petrification.
You can spit poison.


Message History

Okay, then.
Unknown command.
Unknown command.
Unknown command.
Drink which item? (? for menu, Esc to quit)
You feel better.
The fire dragon bites you but does no damage.
The fire dragon claws you but does no damage.
The fire dragon barely misses you. The titan hits you but does no damage.
Unknown command.
Drink which item? (? for menu, Esc to quit)
Okay, then.
Read which item? (? for menu, Esc to quit)
As you read the scroll of teleportation, it crumbles to dust.
You feel strangely unstable.
The fire dragon bites you but does no damage.
The fire dragon barely misses you.
The fire dragon tramples you but does no damage.
The titan hits you!
You die...

# # # # # #
############# #
#[[[[.......# #
#C@D........#######
#####...#'###......
#...#...#...'....))
#...#...#...#(.(...
#...#...#...#....).
#.......#...#......
#...#(..#...#......
#####(..######'####
#...........'......


You could see a titan and a fire dragon.

Vanquished Creatures
  Sojobo (Vaults:2)
  3 golden dragons (Vaults:5)
  Nikola (Spider:2)
  Arachne (Spider:1)
  A lich (Vaults:3)
  3 tentacled monstrosities (Vaults:5)
  2 quicksilver dragons (Vaults:5)
  5 titans
  3 storm dragons (Vaults:5)
  A sphinx (Vaults:2)
  Rupert (Lair:5)
  An ancient champion (Vaults:2)
  2 thorn hunters (Swamp:4)
  2 shadow dragons (Vaults:5)
  4 tengu reavers
  An azure jelly (Swamp:5)
  2 orc warlords
  4 fire giants
  An iron dragon (Vaults:5)
  16 vault wardens
  2 ghost moths (Spider:5)
  8 frost giants
  Louise (Swamp:2)
  7 emperor scorpions
  Gastronok (D:11)
  Jorgrun (Spider:4)
  7 stone giants
  A deep elf annihilator (Vaults:2)
  A lorocyproca (Abyss:1)
  Azrael (Spider:2)
  A curse skull (Vaults:2)
  6 ettins
  2 deep elf high priests (Vaults:5)
  30 vault guards
  A crystal guardian (Vaults:4)
  Josephine (D:13)
  14 yaktaur captains
  4 fire dragons
  15 ironheart preservers
  3 ice dragons
  Harold (Lair:5)
  19 dancing weapons
  2 great orbs of eyes (Vaults:2)
  16 hydras
  A ravenous feature mimic (Vaults:4)
  18 ogre magi
  Erica (Lair:5)
  3 shambling mangroves (Swamp:4)
  A deep troll shaman (Vaults:2)
  A deep troll earth mage (Vaults:3)
  8 alligators
  4 hell hogs (Abyss:1)
  12 death yaks (Lair:8)
  5 orc high priests
  Urug (D:12)
  5 centaur warriors
  2 very ugly things
  5 tengu warriors
  2 shock serpents (shapeshifter)
  Nergalle (Lair:3)
  2 shadow wraiths
  5 deep elf knights
  3 catoblepae (Lair:8)
  2 wretched stars (Abyss:1)
  8 skeletal warriors
  2 fire crabs
  4 wizards
  2 spatial maelstroms (Abyss:1)
  An ice devil (Abyss:1)
  7 deep trolls
  2 spriggan druids
  6 large abominations (Abyss:1)
  A flayed ghost (Vaults:4)
  2 giant orange brains
  4 iron trolls
  26 orb spiders
  A deep elf summoner (Vaults:4)
  4 swamp dragons
  A death drake (Abyss:1)
  8 hill giants
  7 ironbrand convokers
  30 wolf spiders
  A griffon (shapeshifter) (Vaults:5)
  2 necromancers
  5 harpies (Vaults:2)
  2 moths of wrath
  4 deep elf conjurers
  A phantasmal warrior (Vaults:5)
  A draconian (shapeshifter) (Vaults:5)
  2 worldbinders (Abyss:1)
  19 orc knights
  18 red wasps
  7 griffons
  6 black mambas
  7 cyclopes
  7 orc sorcerers
  11 vault sentinels
  2 manticores
  2 gargoyles
  A vapour (Swamp:2)
  3 smoke demons
  2 feature mimics
  4 orange demons
  16 spiny frogs
  An eye of devastation (shapeshifter) (Vaults:5)
  51 yaktaurs
  A fire drake (Lair:8)
  2 tengu conjurers (D:13)
  4 kobold demonologists
  2 ancient zymes (Abyss:1)
  3 hellwings (Abyss:1)
  6 deep elf priests
  10 freezing wraiths
  43 jumping spiders
  A centaur skeleton (D:13)
  12 demonic crawlers
  26 two-headed ogres
  10 komodo dragons
  4 red devils (D:13)
  4 trolls
  2 trolls (shapeshifter)
  2 polar bears (shapeshifter)
  15 ravens
  7 boggarts
  6 giant fireflies
  12 giant leeches
  5 slime creatures
  9 raiju (Abyss:1)
  19 blink frogs
  8 boulder beetles
  A raven (shapeshifter) (D:14)
  2 blink frogs (shapeshifter)
  2 grizzly bears (Lair:7)
  8 bog bodies
  A human simulacrum (Vaults:2)
  A basilisk (Lair:8)
  6 thorn lotuses
  54 redbacks
  A wraith (D:13)
  19 trapdoor spiders
  7 spriggans
  2 shadows
  12 deep elf magi
  30 yaks
  16 tarantellas
  4 wyverns
  15 hippogriffs
  12 sharks
  An elephant slug (Lair:7)
  43 ugly things
  8 deep elf fighters
  2 fire elementals (Spider:2)
  4 golden eyes (Abyss:1)
  20 humans (D:13)
  2 hungry ghosts
  19 vampire mosquitoes
  3 spatial vortices (Abyss:1)
  6 wargs
  22 water moccasins
  10 wolves
  9 necrophages
  2 hell hounds (Spider:2)
  4 swamp worm simulacra (Swamp:5)
  14 hydra simulacra
  An iron troll simulacrum (Vaults:2)
  4 small abominations (Abyss:1)
  24 swamp worms
  A mottled dragon (Vaults:2)
  2 soldier ants (D:13)
  An ogre skeleton (D:13)
  A red wasp simulacrum (Vaults:1)
  56 orc warriors
  16 porcupines
  3 ice beasts
  5 sky beasts
  6 phantoms
  A manticore zombie (D:13)
  A black bear (D:10)
  32 spiders
  7 yellow wasps
  10 giant goldfish
  69 ogres
  6 swamp drakes
  24 centaurs
  A black bear (shapeshifter) (Vaults:1)
  12 crocodiles
  2 vampire mosquito zombies (D:15)
  A boring beetle (shapeshifter) (Vaults:1)
  4 boring beetles
  A lava worm (D:13)
  6 giant slugs
  A komodo dragon zombie (D:14)
  An ogre simulacrum (D:13)
  A cyclops zombie (D:12)
  5 big kobolds
  An eye of draining (D:13)
  11 insubstantial wisps
  17 giant frogs
  A hippogriff zombie (D:10)
  5 scorpions
  A wyvern skeleton (D:10)
  4 killer bees (D:11)
  A yak zombie (D:11)
  10 wights
  A boulder beetle zombie (D:14)
  11 electric eels
  5 crimson imps
  A pulsating lump (shapeshifter) (Vaults:5)
  9 big fish
  5 goliath beetles
  12 hounds
  A jelly (D:9)
  2 quasits
  6 starcursed masses (Abyss:1)
  28 orc priests
  5 iguanas
  27 orc wizards
  2 iron imps (Abyss:1)
  An orange rat (D:7)
  3 giant frog skeletons
  16 worker ants
  A polar bear simulacrum (Lair:3)
  4 yak simulacra (Lair:3)
  4 wolf simulacra (Lair:3)
  2 ogre zombies
  19 sheep
  A hound zombie (D:8)
  2 hound skeletons
  14 adders
  15 gnolls
  54 green rats
  A scorpion zombie (D:5)
  A giant mite (Spider:2)
  2 inept feature mimics
  3 shadow imps
  4 white imps
  4 swamp drake simulacra (Swamp:5)
  4 worms
  4 ufetubi
  4 giant eyeballs
  A giant gecko (shapeshifter) (Vaults:1)
  6 giant geckos
  An ooze (D:6)
  152 orcs
  2 ball pythons (D:1)
  A bat zombie (D:5)
  23 goblins
  18 hobgoblins
  14 jackals
  30 kobolds
  26 quokkas
  24 bats
  4 giant cockroaches
  A giant gecko skeleton (D:6)
  9 giant newts
  2 green rat simulacra (Lair:3)
  3 orc skeletons
  5 orc zombies (Orc:4)
  46 rats
  A rat skeleton (D:8)
  A spectral orc (Lair:3)
  2 ballistomycetes (D:11)
  A bush (Lair:5)
  3 fungi
  2 plants
  2 starspawn tentacles (Abyss:1)
2162 creatures vanquished.

Vanquished Creatures (others)
  2 tengu reavers (Vaults:5)
  2 deep elf high priests (Vaults:5)
  A deep elf knight (Vaults:2)
  An orb spider (Spider:4)
  2 yaktaurs (Vaults:2)
  5 slime creatures (Swamp:5)
  A redback (Spider:1)
  A water moccasin (Swamp:5)
  A giant goldfish (Swamp:5)
  A spider (Spider:2)
  2 ogres (Vaults:3)
  A scorpion (Spider:2)
  3 green rats (Lair:7)
  An orc (Orc:3)
  A bat (D:10)
  A hobgoblin (D:11)
  A giant spore (D:11)
  3 briar patches
  6 fungi
  4 plants
  2 starspawn tentacles (Abyss:1)
  15 starspawn tentacle segments (Abyss:1)
57 creatures vanquished.

Grand Total: 2219 creatures vanquished

Notes
Turn   | Place    | Note
--------------------------------------------------------------
     0 | D:1      | MDvedh, the Gargoyle Artificer, began the quest for the Orb.
     0 | D:1      | Reached XP level 1. HP: 12/12 MP: 1/1
   183 | D:1      | Reached skill level 1 in Maces & Flails
   183 | D:1      | Reached XP level 2. HP: 8/16 MP: 2/2
   731 | D:1      | Reached XP level 3. HP: 20/20 MP: 4/4
  1216 | D:2      | Reached skill level 3 in Maces & Flails
  1638 | D:2      | Reached XP level 4. HP: 21/25 MP: 5/5
  1650 | D:2      | Reached skill level 4 in Maces & Flails
  2420 | D:3      | Found Zin's Purification Station.
  2423 | D:3      | Found a glowing silver altar of Zin.
  2555 | D:2      | Reached XP level 5. HP: 10/29 MP: 7/7
  2560 | D:2      | Reached skill level 5 in Maces & Flails
  3481 | D:3      | Reached skill level 6 in Maces & Flails
  3481 | D:3      | Reached XP level 6. HP: 14/34 MP: 8/8
  4184 | D:3      | Reached skill level 7 in Maces & Flails
  4614 | D:4      | Reached XP level 7. HP: 15/38 MP: 10/10
  4827 | D:5      | Entered Level 5 of the Dungeon
  4886 | D:6      | Found a radiant altar of Vehumet.
  4910 | D:6      | Found a staircase to the Ecumenical Temple.
  4942 | Temple   | Entered the Ecumenical Temple
  4946 | Temple   | Became a worshipper of Warmaster Okawaru
  5102 | D:4      | Reached skill level 8 in Maces & Flails
  5577 | D:4      | Reached skill level 9 in Maces & Flails
  5942 | D:5      | Paralysed by a giant eyeball for 4 turns
  5981 | D:5      | Acquired Okawaru's first power
  5981 | D:5      | Reached XP level 8. HP: 37/43 MP: 11/11
  6036 | D:5      | Paralysed by a giant eyeball for 2 turns
  6465 | D:5      | Reached skill level 10 in Maces & Flails
  7026 | D:6      | Reached skill level 11 in Maces & Flails
  7539 | D:6      | Reached XP level 9. HP: 47/47 MP: 13/13
  7737 | D:6      | Reached skill level 12 in Maces & Flails
  8174 | D:7      | Identified 2 scrolls of acquirement
  8178 | D:7      | Got a pair of steaming gloves
  8181 | D:7      | Identified the +0 pair of gloves "Odiffy" {Str+5 Dex+1 Curse} (You acquired it on level 7 of the Dungeon)
  8374 | D:7      | Reached skill level 13 in Maces & Flails
  8985 | D:8      | Reached skill level 14 in Maces & Flails
  9014 | D:8      | Found a blossoming altar of Fedhas.
  9015 | D:8      | Found an ancient bone altar of Kikubaaqudgha.
  9020 | D:8      | Found a radiant altar of Vehumet.
  9047 | D:8      | Reached XP level 10. HP: 52/52 MP: 14/14
  9051 | D:8      | Reached skill level 1 in Armour
  9193 | D:8      | Paralysed by a giant eyeball for 2 turns
  9825 | D:9      | Reached skill level 5 in Armour
 10213 | D:9      | Found a staircase to the Lair.
 10337 | Lair:1   | Entered Level 1 of the Lair of Beasts
 10886 | Lair:1   | Acquired Okawaru's second power
 11389 | Lair:1   | Reached XP level 11. HP: 44/56 MP: 15/15
 11466 | Lair:2   | Reached skill level 10 in Armour
 11707 | Lair:2   | Noticed a black mamba
 11727 | Lair:2   | Killed a black mamba
 12087 | Lair:2   | Got an ichor-stained cloak
 12091 | Lair:2   | Identified the cursed -4 cloak "Yxacliykh" {rC+ Dex+3} (You found it on level 2 of the Lair of Beasts)
 12778 | Lair:3   | Reached skill level 1 in Invocations
 12996 | Lair:3   | Noticed Nergalle
 13029 | Lair:3   | Killed Nergalle
 13070 | Lair:3   | Received a gift from Okawaru
 13107 | Lair:3   | Gained mutation: You are weak. (Str -2) [mutagenic glow]
 13109 | Lair:3   | Got a bone great mace
 13110 | Lair:3   | Identified the -2,+3 great mace "Buhiuse" {crush, rC- Dex+3} (You acquired it on level 3 of the Lair of Beasts)
 13181 | Lair:3   | Reached skill level 5 in Invocations
 13201 | Lair:3   | Gained mutation: You are very weak. (Str -4) [mutagenic glow]
 13387 | Lair:3   | Found a staircase to the Swamp.
 13590 | Lair:3   | Noticed a necromancer
 13603 | Lair:3   | Killed a necromancer
 14044 | Lair:3   | Reached XP level 12. HP: 40/60 MP: 22/22
 14322 | Lair:3   | Received a gift from Okawaru
 15127 | Lair:4   | Noticed a six-headed hydra
 15134 | Lair:4   | Killed a six-headed hydra
 15211 | Lair:4   | Reached skill level 5 in Fighting
 15356 | Lair:4   | Found a blossoming altar of Fedhas.
 15880 | Lair:4   | Received a gift from Okawaru
 15883 | Lair:4   | Got a pair of pitted boots {god gift}
 15887 | Lair:4   | Identified the +5 pair of boots of Immorality {+Inv +Fly MR+} (Okawaru gifted it to you on level 4 of the Lair of Beasts)
 16187 | Lair:4   | Found a hole to the Spider Nest.
 16482 | Lair:5   | Noticed Rupert
 16502 | Lair:5   | Killed Rupert
 16624 | Lair:5   | Reached skill level 10 in Fighting
 16753 | Lair:5   | Noticed Harold
 16775 | Lair:5   | Killed Harold
 16775 | Lair:5   | Reached XP level 13. HP: 71/83 MP: 24/24
 16814 | Lair:5   | Noticed Erica
 16902 | Lair:5   | Killed Erica
 17548 | Lair:5   | Received a gift from Okawaru
 17549 | Lair:5   | Got a pitted great sword {god gift}
 17668 | Lair:6   | Found a basalt altar of Yredelemnul.
 17768 | Lair:6   | Gained mutation: You occasionally shout uncontrollably. [potion of mutation]
 17768 | Lair:6   | Gained mutation: You have a pair of small horns on your head. [potion of mutation]
 19119 | Lair:7   | Found a viscous altar of Jiyva.
 19119 | Lair:7   | Found a staircase to the Slime Pits.
 19375 | Lair:8   | Entered Level 8 of the Lair of Beasts
 20351 | Lair:8   | Received a gift from Okawaru
 20352 | Lair:8   | Got a pitted great mace {god gift}
 20353 | Lair:8   | Identified the +6,+9 great mace of Fragile Peace {elec, rElec rPois SInv} (Okawaru gifted it to you on level 8 of the Lair of Beasts)
 20377 | Lair:8   | Gained mutation: Your wings are large and strong. [gargoyle growth]
 20377 | Lair:8   | Reached XP level 14. HP: 89/96 MP: 22/25
 20488 | Lair:8   | Got a scintillating silver ring
 20554 | Lair:8   | Reached skill level 15 in Fighting
 20589 | Lair:8   | Received a gift from Okawaru
 20592 | Lair:8   | Got a pair of fine gloves {god gift}
 20596 | Lair:8   | Identified the +1 pair of gloves "Orokh" {Str+3 Dex+2} (Okawaru gifted it to you on level 8 of the Lair of Beasts)
 21684 | D:4      | Lost mutation: You have a pair of small horns on your head. [potion of cure mutation]
 21684 | D:4      | Lost mutation: You are very weak. (Str -4) [potion of cure mutation]
 21684 | D:4      | Lost mutation: You are weak. (Str -2) [potion of cure mutation]
 21684 | D:4      | Lost mutation: You occasionally shout uncontrollably. [potion of cure mutation]
 21851 | D:10     | Entered Level 10 of the Dungeon
 22690 | D:10     | Reached skill level 16 in Fighting
 22912 | D:10     | Found a roughly hewn altar of Beogh.
 23206 | D:11     | Found a flickering gateway to a bazaar.
 23418 | D:11     | Paralysed by a giant eyeball for 4 turns
 23459 | D:11     | Noticed Gastronok
 23481 | D:11     | Killed Gastronok
 24117 | Bazaar   | Entered a bazaar
 24122 | Bazaar   | Found Niakh's Magic Scroll Shop.
 24135 | Bazaar   | Found Nallock's Magic Scroll Shop.
 24199 | Bazaar   | Found Shyoptef's Assorted Antiques.
 24199 | Bazaar   | Found Vuqius' Gadget Boutique.
 24204 | Bazaar   | Bought a scroll labeled SHUECS WYFESIEXT for 29 gold pieces
 24217 | Bazaar   | Bought a scroll of identify for 58 gold pieces
 24217 | Bazaar   | Bought a scroll of identify for 58 gold pieces
 24232 | Bazaar   | Bought a scroll of remove curse for 24 gold pieces
 24232 | Bazaar   | Bought a scroll of identify for 16 gold pieces
 24232 | Bazaar   | Bought a scroll of brand weapon for 160 gold pieces
 24232 | Bazaar   | Bought a scroll of identify for 16 gold pieces
 24232 | Bazaar   | Bought a scroll of identify for 16 gold pieces
 24249 | Bazaar   | Bought a scroll of enchant weapon I for 38 gold pieces
 24249 | Bazaar   | Bought a scroll of enchant weapon I for 38 gold pieces
 24249 | Bazaar   | Bought a scroll of magic mapping for 38 gold pieces
 24249 | Bazaar   | Bought a scroll of identify for 22 gold pieces
 24396 | D:12     | Found a roughly hewn altar of Beogh.
 24399 | D:12     | Found a staircase to the Orcish Mines.
 24796 | D:12     | Identified the ring "Skaov" {EV+3 Dex-4 Int+4} (You found it on level 8 of the Lair of Beasts)
 24844 | D:12     | Received a gift from Okawaru
 24844 | D:12     | Reached skill level 17 in Fighting
 24845 | D:12     | Got a faintly humming helmet {god gift}
 24849 | D:12     | Identified the +0 helmet of Defence {rElec rF+ rC+ Int+1} (Okawaru gifted it to you on level 12 of the Dungeon)
 24852 | D:12     | Noticed Urug
 24861 | D:12     | Killed Urug
 25534 | D:12     | Reached XP level 15. HP: 101/107 MP: 25/25
 25698 | Orc:1    | Entered Level 1 of the Orcish Mines
 26794 | Orc:3    | Found a roughly hewn altar of Beogh.
 26993 | Orc:4    | Entered Level 4 of the Orcish Mines
 27079 | Orc:4    | Found Enlateba's General Store.
 27092 | Orc:3    | Reached skill level 18 in Fighting
 27182 | Orc:4    | Found a staircase to the Elven Halls.
 27251 | Orc:4    | Found Alasuat's Antique Armour Emporium.
 27527 | Orc:4    | Bought a brightly glowing plate armour for 812 gold pieces
 27527 | Orc:4    | Bought a pair of smoking gloves for 275 gold pieces
 27532 | Orc:4    | Found Erif's Jewellery Shop.
 27563 | Orc:4    | Found Erphaqilif's Antique Weapon Shoppe.
 27775 | Orc:4    | Found a burning altar of Makhleb.
 27928 | Orc:4    | Identified the cursed -5 plate armour of Listlessness {rPois Int+1} (You bought it in a shop on level 4 of the Orcish Mines)
 27928 | Orc:4    | Identified the +1 pair of gloves of the Lair of Beasts {MR+} (You bought it in a shop on level 4 of the Orcish Mines)
 28321 | D:13     | Found Trezem's Antique Armour Emporium.
 28324 | D:13     | Bought a pair of twisted gloves for 304 gold pieces
 28329 | D:13     | Identified the cursed -2 pair of gloves "Raemiwog" {Str+4 Int+1 Curse} (You bought it in a shop on level 13 of the Dungeon)
 28435 | D:13     | Reached skill level 19 in Fighting
 28609 | D:13     | Noticed Josephine
 28621 | D:13     | Killed Josephine
 28874 | D:13     | Received a gift from Okawaru
 28900 | D:13     | Identified a +1 cloak of preservation (Okawaru gifted it to you on level 13 of the Dungeon)
 28915 | D:13     | Found a gate to the Vaults.
 29075 | D:13     | Got a dazzling helmet
 29079 | D:13     | Identified the cursed +2 helmet "Pealua Zokhli" {+Rage rF+} (You found it on level 13 of the Dungeon)
 29152 | D:13     | Found a portal to a secret trove of treasure.
 29902 | D:14     | Reached skill level 20 in Fighting
 30585 | D:15     | Entered Level 15 of the Dungeon
 30603 | D:15     | Reached XP level 16. HP: 119/119 MP: 26/26
 31341 | Swamp:1  | Entered Level 1 of the Swamp
 31364 | Swamp:1  | Reached skill level 21 in Fighting
 31405 | Swamp:1  | Received a gift from Okawaru
 32541 | Swamp:2  | Noticed Louise
 32561 | Swamp:2  | Killed Louise
 33295 | Swamp:3  | Got a sparkling glass ring
 33296 | Swamp:3  | Identified the ring "Podiun" {Fire Str-3 Dam+5} (You found it on level 3 of the Swamp)
 33401 | Swamp:3  | Reached skill level 22 in Fighting
 34339 | Swamp:4  | Noticed a thorn hunter
 34356 | Swamp:4  | Killed a thorn hunter
 34443 | Swamp:4  | Noticed a thorn hunter
 34462 | Swamp:4  | Killed a thorn hunter
 34462 | Swamp:4  | Reached XP level 17. HP: 102/129 MP: 27/27
 34941 | Swamp:5  | Entered Level 5 of the Swamp
 35169 | Swamp:5  | Reached skill level 23 in Fighting
 35616 | Swamp:5  | Received a gift from Okawaru
 35879 | Swamp:5  | Got a decaying rune of Zot
 36601 | Spider:1 | Entered Level 1 of the Spider Nest
 36986 | Spider:1 | Got a vibrating glass ring
 37259 | Spider:1 | Reached skill level 24 in Fighting
 37619 | Spider:2 | Noticed Arachne
 37815 | Spider:1 | Killed Arachne
 38037 | Spider:2 | Noticed Nikola
 38064 | Spider:2 | Killed Nikola
 38134 | Spider:1 | Reached XP level 18. HP: 70/140 MP: 26/28
 38267 | Spider:2 | Noticed Azrael
 38281 | Spider:2 | Killed Azrael
 38284 | Spider:2 | Received a gift from Okawaru
 38479 | Spider:2 | Identified the ring of Fruel {Str+4 Int+5} (You found it on level 1 of the Spider Nest)
 38483 | Spider:2 | Gained mutation: You can spit poison. [potion of beneficial mutation]
 39028 | Spider:3 | Reached skill level 25 in Fighting
 39744 | Spider:4 | Noticed Jorgrun
 39766 | Spider:4 | Killed Jorgrun
 40730 | Spider:5 | Entered Level 5 of the Spider Nest
 41581 | Spider:5 | Received a gift from Okawaru
 41935 | Spider:5 | Reached skill level 26 in Fighting
 42843 | Spider:5 | Got a gossamer rune of Zot
 43527 | Vaults:1 | Entered Level 1 of the Vaults
 43624 | Vaults:1 | Reached XP level 19. HP: 149/149 MP: 28/28
 43634 | Vaults:1 | Received a gift from Okawaru
 44563 | Vaults:1 | Reached skill level 27 in Fighting
 45407 | Vaults:1 | Reached skill level 15 in Armour
 45668 | Vaults:2 | Received a gift from Okawaru
 45676 | Vaults:2 | Got a faintly humming ring mail {god gift}
 45696 | Vaults:2 | Identified the +0 ring mail of Pragoino {SInv} (Okawaru gifted it to you on level 2 of the Vaults)
 45749 | Vaults:2 | Noticed Sojobo
 45770 | Vaults:2 | Killed Sojobo
 46480 | Vaults:2 | Reached XP level 20. HP: 79/157 MP: 29/29
 46623 | Vaults:2 | Found a staircase to the Crypt.
 46871 | Vaults:2 | Found Ghisokk's General Store.
 46880 | Vaults:2 | Bought a scroll of summoning for 171 gold pieces
 46880 | Vaults:2 | Bought a scroll of identify for 36 gold pieces
 47302 | Vaults:2 | Received a gift from Okawaru
 48289 | Vaults:3 | Received a gift from Okawaru
 48537 | Vaults:3 | Found Fyutryor's General Store.
 49376 | Vaults:4 | Found a staircase to the Hall of Blades.
 50451 | Vaults:4 | Reached XP level 21. HP: 147/163 MP: 29/29
 50542 | Vaults:4 | Received a gift from Okawaru
 50543 | Vaults:4 | Got a steaming crossbow {god gift}
 51201 | Blade    | Entered the Hall of Blades
 51759 | Vaults:4 | Cast into the Abyss (dire flail of distortion)
 52466 | Abyss:1  | Found a corrupted altar of Lugonu.
 52569 | Abyss:1  | Found a snail-covered altar of Cheibriados.
 52830 | Vaults:4 | Escaped the Abyss
 52888 | Vaults:5 | Entered Level 5 of the Vaults
 53080 | Vaults:4 | Received a gift from Okawaru
 53089 | Vaults:4 | Got a faintly glowing chain mail {god gift}
 53109 | Vaults:4 | Identified the +8 chain mail "Groaphiu" {Int-2 Acc+5} (Okawaru gifted it to you on level 4 of the Vaults)
 53485 | Vaults:5 | Noticed a golden dragon
 53500 | Vaults:5 | Killed a golden dragon
 53914 | Vaults:5 | Identified a +2 pair of boots of running (You found it on level 5 of the Vaults)
 54084 | Vaults:5 | Reached XP level 22. HP: 38/169 MP: 30/30
 54381 | Vaults:5 | Noticed a golden dragon
 54401 | Vaults:5 | Killed a golden dragon
 55245 | Vaults:5 | Received a gift from Okawaru
 55641 | Vaults:5 | Got an ancient glass ring
 56140 | Vaults:5 | Noticed a golden dragon
 56206 | Vaults:5 | Killed a golden dragon
 56591 | Vaults:5 | Got a silver rune of Zot
 56777 | Vaults:5 | Received a gift from Okawaru
 57071 | Vaults:4 | Slain by a titan

Action                   |  1- 3 |  4- 6 |  7- 9 | 10-12 | 13-15 | 16-18 | 19-21 | 22-24 || total
-------------------------+-------+-------+-------+-------+-------+-------+-------+-------++-------
Melee: Short sword       |   159 |    19 |       |       |       |       |       |       ||   178
       Flail             |       |   229 |   333 |     2 |       |       |       |       ||   564
       Mace              |       |    36 |       |       |       |       |       |       ||    36
       Morningstar       |       |       |    73 |       |       |       |       |       ||    73
       Dire flail        |       |       |   162 |  1105 |  2092 |  2315 |  2487 |   594 ||  8755
Throw: Throwing net      |       |       |       |       |       |    25 |       |       ||    25
Invok: Heroism           |       |       |     2 |    10 |    13 |    14 |     9 |     9 ||    57
       Finesse           |       |       |       |     1 |     6 |     9 |     7 |     3 ||    26
 Abil: Fly               |       |       |       |       |       |     2 |       |       ||     2
Evoke: Wand              |     3 |     6 |    16 |    18 |    15 |    10 |     6 |       ||    74
  Use: Scroll            |       |     8 |     7 |    13 |    27 |    16 |    10 |     4 ||    85
       Potion            |       |     2 |     1 |       |     4 |     6 |     9 |    11 ||    33
 Stab: Held in net/web   |       |       |       |       |       |     1 |       |       ||     1
